 Dungeon Crawl Stone Soup version 0.19.1-1-g22dce08 (console) character file.

3935 Kloppie the Carver (level 10, -3/91 HPs)
             Began as a Black Draconian Berserker on Jan 15, 2017.
             Was an Elder of Trog.
             Hit by a javelin of returning thrown by a centaur (12 damage)
             ... in a bailey.
             The game lasted 00:11:27 (7516 turns).

Kloppie the Carver (Black Draconian Berserker)      Turns: 7516, Time: 00:11:28

Health: -3/91      AC:  7    Str: 19    XL:     10   Next: 1%
Magic:  10/10      EV: 16    Int:  7    God:    Trog [****..]
Gold:   311        SH:  5    Dex: 15    Spells: 0 memorised, 9 levels left

rFire  + . .     SeeInvis .     a - +0 long sword
rCold  . . .     Gourm    .     (armour unavailable)
rNeg   . . .     Faith    .     (no shield)
rPois  .         Spirit   .     (helmet restricted)
rElec  +         Reflect  +     (no cloak)
rCorr  .         Harm     .     (no gloves)
MR     .....                    (no boots)
Stlth  ++........               s - +5 amulet of reflection
                                j - ring of stealth
                                c - ring of protection from fire

@: no status effects
A: breathe lightning, unfitting armour, horns 1, electricity resistance,
cold-blooded, AC +7
a: Breathe Lightning, Berserk, Trog's Hand, Brothers in Arms, Burn Spellbooks,
Renounce Religion


You were in a bailey.
You worshipped Trog.
Trog was greatly pleased with you.
You were not hungry.

You visited 1 branch of the dungeon, and saw 7 of its levels.
You also visited: Bailey.

You collected 311 gold pieces.

Inventory:

Hand Weapons
 a - a +0 long sword (weapon)
 q - a +0 falchion
Jewellery
 c - a ring of protection from fire (left hand)
 d - an uncursed ring of fire
 j - a ring of stealth (right hand)
 l - an uncursed amulet of rage
 s - a +5 amulet of reflection (around neck)
 x - an uncursed ring of fire
Wands
 p - a wand of iceblast (7/15)
Scrolls
 f - 4 scrolls of remove curse
 m - 2 scrolls of teleportation
 n - a scroll of enchant weapon {unknown}
 o - a scroll of fear {unknown}
 t - 2 scrolls of recharging {unknown}
 u - 2 scrolls of magic mapping {unknown}
Potions
 h - a potion of curing
Books
 r - a book of Air

   Spells                             Type                      Level
   a - Shock                          Conjuration/Air              1
   b - Swiftness                      Charms/Air                   2
   c - Repel Missiles                 Charms/Air                   2
   d - Static Discharge               Conjuration/Air              3
   e - Lightning Bolt                 Conjuration/Air              5
   Trog disapproves of the use of such an item.
Comestibles
 b - 2 bread rations
 k - 2 beef jerkies


   Skills:
 - Level 9.1 Fighting
 + Level 10.5 Long Blades
 + Level 6.7 Dodging


You had 9 spell levels left.
You didn't know any spells.

Dungeon Overview and Level Annotations

Branches:
Dungeon (7/15)             Temple (0/1) D:4

Altars:
Elyvilon
Fedhas
Okawaru
Trog
The Shining One


Innate Abilities, Weirdness & Mutations

You can breathe wild blasts of lightning.
Your glossy black scales are hard. (AC +7)
You cannot fit into any form of body armour.
You are resistant to electric shocks. (rElec)
You are cold-blooded and may be slowed by cold attacks.
You have a pair of small horns on your head.


Message History

* * * LOW HITPOINT WARNING * * *
The weapon returns to the centaur!
The centaur throws a javelin of returning.
The javelin of returning hits you.
* * * LOW HITPOINT WARNING * * *
The weapon returns to the centaur!
The centaur throws a javelin of returning.
The javelin of returning hits you.
* * * LOW HITPOINT WARNING * * *
There is a fountain of clear blue water here.
You see here a javelin of returning.
The centaur throws a javelin of returning.
The javelin of returning hits you.
* * * LOW HITPOINT WARNING * * *
The weapon returns to the centaur!
The centaur throws a javelin of returning.
The javelin of returning misses you.
The centaur throws a javelin of returning.
The javelin of returning hits you!
You die...

##......).....)))....##
#########'''#########
##≈≈≈≈≈≈≈#...#≈≈≈≈≈≈≈##
##≈≈≈≈≈≈≈≈#...#≈≈≈≈≈≈≈≈##
#≈≈≈≈≈≈≈≈.#...#.≈≈≈≈≈≈≈≈#
≈≈≈≈≈≈≈..≈#...#≈c.≈≈≈≈≈≈≈
≈≈≈≈≈..≈≈≈.....≈≈≈..≈≈≈≈≈
≈≈≈≈.≈≈≈.(.....(.≈≈≈.≈≈≈≈
≈≈≈≈.≈..(..≈≈≈..@..≈.≈≈≈≈
≈≈≈.≈≈.⌠..≈≈≈≈≈..(.≈≈c≈≈≈
≈≈≈.≈.....≈≈≈≈≈.....≈o≈≈≈
≈≈.≈≈....≈≈≈≈≈≈≈....≈≈.≈≈
≈≈.≈.....≈≈≈≈≈o≈.....≈.≈≈
≈≈c≈.....≈≈≈?≈≈≈.....≈.≈≈
≈≈.≈.....≈≈≈.≈≈≈.....≈.≈≈
≈≈.≈.....≈≈≈=≈≈≈.....≈.≈≈
≈≈.≈.....≈≈≈≈≈≈≈.....≈.≈≈


You could see an orc warrior, 2 centaurs and an orc.

Vanquished Creatures
  The ghost of Corvus the Covert, a novice VSAs of Xom (Bailey)
  The ghost of fatfloppyjuicyveiny the Quickloader, a novice KoHu of Okawaru (D:7)
  Sigmund (D:4)
  Menkaure (D:6)
  A water moccasin (D:6)
  6 orc warriors (Bailey)
  2 ice beasts
  A phantom (D:4)
  3 ogres
  2 centaurs
  A wyvern zombie (D:6)
  A bullfrog (D:6)
  A water moccasin skeleton (D:6)
  4 scorpions (D:6)
  2 crimson imps (D:5)
  2 hounds
  A centaur zombie (D:5)
  A gnoll shaman (D:6)
  2 orc priests
  2 bullfrog skeletons
  A centaur skeleton (D:5)
  5 orc wizards
  An iguana (D:5)
  4 worker ants
  9 gnolls
  14 adders
  2 shadow imps
  An ooze (D:1)
  An adder skeleton (D:4)
  2 worms
  2 dart slugs (D:1)
  5 leopard geckos
  24 orcs
  2 giant cockroaches
  10 goblins
  5 hobgoblins
  3 jackals (D:2)
  5 kobolds
  3 quokkas
  A ball python (D:2)
  15 bats
  5 frilled lizards
  A quokka skeleton (D:5)
  A quokka zombie (D:6)
  11 rats
169 creatures vanquished.

Vanquished Creatures (others)
  A centaur (Bailey)
  2 fungi (D:6)
3 creatures vanquished.

Grand Total: 172 creatures vanquished

Notes
Turn   | Place    | Note
-------+----------+-------------------------------------------
     0 | D:1      | Kloppie the Draconian Berserker began the quest for the Orb.
     0 | D:1      | Reached XP level 1. HP: 19/19 MP: 1/1
    53 | D:1      | Reached XP level 2. HP: 26/26 MP: 2/2
   671 | D:2      | Reached XP level 3. HP: 28/33 MP: 3/3
   879 | D:2      | Reached ** piety under Trog
  1192 | D:2      | Found a bloodstained altar of Trog.
  1464 | D:3      | Found a white marble altar of Elyvilon.
  1623 | D:3      | Reached skill level 4 in Long Blades
  1623 | D:3      | Reached XP level 4. HP: 33/41 MP: 4/4
  2030 | D:3      | Reached skill level 5 in Fighting
  2032 | D:3      | Reached XP level 5. HP: 34/48 MP: 5/5
  2382 | D:4      | Noticed an ogre
  2391 | D:4      | Killed an ogre
  2391 | D:4      | Reached skill level 5 in Long Blades
  2391 | D:4      | Reached XP level 6. HP: 51/57 MP: 6/6
  2521 | D:4      | Noticed an ice beast
  2529 | D:4      | Killed an ice beast
  2647 | D:4      | Found a faded altar of an unknown god.
  2647 | D:4      | Found a faded altar of an unknown god.
  2652 | D:4      | Found a faded altar of an unknown god.
  2654 | D:4      | Found an iron altar of Okawaru.
  2655 | D:4      | Found a faded altar of an unknown god.
  2699 | D:4      | Reached skill level 6 in Long Blades
  2699 | D:4      | Your scales start taking on a glossy black colour.
  2699 | D:4      | Reached XP level 7. HP: 26/64 MP: 7/7
  2699 | D:4      | Gained mutation: You are resistant to electric shocks. (rElec) [Black Draconian growth]
  2970 | D:4      | Found a blossoming altar of Fedhas.
  3035 | D:4      | Found a glowing golden altar of the Shining One.
  3099 | D:4      | Found a staircase to the Ecumenical Temple.
  3104 | D:4      | Noticed Sigmund
  3113 | D:4      | Killed Sigmund
  3253 | D:5      | Entered Level 5 of the Dungeon
  3282 | D:5      | Reached *** piety under Trog
  3282 | D:5      | Reached skill level 7 in Long Blades
  3496 | D:5      | Reached XP level 8. HP: 49/74 MP: 8/8
  4662 | D:6      | Reached skill level 8 in Long Blades
  5161 | D:6      | Noticed Menkaure
  5168 | D:6      | Killed Menkaure
  5390 | D:6      | Reached XP level 9. HP: 83/83 MP: 9/9
  5582 | D:7      | Found a flagged portal.
  5582 | D:7      | Noticed fatfloppyjuicyveiny's ghost (novice KoHu)
  5598 | D:6      | Reached **** piety under Trog
  5606 | D:6      | Reached skill level 9 in Long Blades
  5745 | D:7      | Killed fatfloppyjuicyveiny's ghost
  5745 | D:7      | Reached skill level 5 in Dodging
  5932 | Bailey   | Entered a bailey
  6331 | Bailey   | Noticed Corvus's ghost (novice VSAs)
  6519 | Bailey   | Reached skill level 10 in Long Blades
  7109 | Bailey   | Gained mutation: You have a pair of small horns on your head. [potion of beneficial mutation]
  7194 | Bailey   | Killed Corvus's ghost
  7463 | Bailey   | Reached XP level 10. HP: 72/91 MP: 10/10
  7516 | Bailey   | Hit by a javelin of returning thrown by a centaur

Skill      XL: |  1  2  3  4  5  6  7  8  9 |
---------------+----------------------------+-----
Fighting       | 4 5 6 7 9 |  9.1
Long Blades    | 4 5 6 7 8 10 | 10.5
Dodging        | 3 6 |  6.7

Action                   |  1- 3 |  4- 6 |  7- 9 | 10-12 || total
-------------------------+-------+-------+-------+-------++-------
Melee: Falchion          |   101 |    44 |       |       ||   145
       Tailslap          |    13 |    14 |    57 |       ||    84
       Long sword        |       |    50 |   321 |       ||   371
       Headbutt          |       |       |     8 |       ||     8
Invok: Berserk           |       |     3 |     8 |       ||    11
       Trog's Hand       |       |     1 |     4 |       ||     5
 Abil: Breathe Lightning |       |       |     1 |       ||     1
  Use: Potion            |       |       |    11 |       ||    11
       Scroll            |       |       |     6 |       ||     6
 Stab: Sleeping          |       |     1 |     4 |       ||     5
  Eat: Chunk             |     2 |     5 |    12 |       ||    19
       Meat ration       |       |     1 |     1 |       ||     2
       Bread ration      |       |       |     1 |       ||     1
Armor: Skin              |    31 |    20 |    92 |     1 ||   144
Dodge: Dodged            |    76 |    51 |   289 |     1 ||   417
Block: Other             |       |       |    56 |       ||    56
       Reflection        |       |       |     9 |       ||     9
       Rpst.: Falchion   |    22 |     9 |       |       ||    31
       Long sword        |       |     4 |    74 |       ||    78
